[Event "Titled Tuesday Blitz February 07 Early 2023"]
[White "Schut, Han"]
[Black "Adla, Diego"]
[WhiteFideId "1005561"]
[BlackFideId "100072"]
[WhiteElo "2101"]
[BlackElo "2383"]
[Result "0-1"]
[Round "03"]
[TimeControl "180+2"]
[Date "2023.02.07"]
[WhiteClock "0:00:03"]
[BlackClock "0:00:05"]

1. e4 e5 2. Nf3 Nc6 3. Bc4 Nf6 4. d4 exd4 5. e5 d5 6. Bb5 Ne4 7. Nxd4 Bc5 8. Be3 O-O 9. Nxc6 bxc6 10. Bxc5 Nxc5 11. Bxc6 Rb8 12. Qxd5 Qe7 13. O-O Rxb2 14. Nc3 Rd8 15. Qf3 Ne6 16. Nd5 Qc5 17. Rad1 Ba6 18. Rfe1 Rxc2 19. Ba4 Re2 20. Rxe2 Bxe2 21. Qxe2 Rxd5 22. Rxd5 Qxd5 23. Bb3 Qd4 24. g3 g6 25. Kg2 Kg7 26. Bxe6 fxe6 27. f4 c5 28. Kh3 c4 29. Qg4 Qd7 30. f5 exf5 31. Qxc4 f4+ 32. g4 g5 33. e6 Qe7 34. Qd4+ Kg8 35. Qd7 Kf8 36. Qc8+ Kg7 37. Qc3+ Kh6 38. Qe5 Kg6 39. Qf5+ Kg7 40. Qe5+ Kg8 41. Kg2 Qb7+ 42. Kg1 Qb6+ 43. Kg2 Qc6+ 44. Kf1 Qc1+ 45. Kf2 Qc2+ 46. Kf1 Qb1+ 47. Kf2 Qxa2+ 48. Kf3 Qb3+ 49. Kf2 Qc2+ 50. Kf1 Qc4+ 51. Kf2 Qa2+ 52. Kf1 Qb1+ 53. Kg2 Qb7+ 54. Kf1 Qe7 55. h4 gxh4 56. g5 a5 57. Kg2 a4 58. Kf3 a3 59. Kg4 a2 60. Kf5 Qf8+ 61. Kg4 Qe7 62. Kf5 Qf8+ 63. Kg4 f3 64. e7 Qc8+ 65. Kxf3 Qc6+ 66. Kg4 Qd7+ 67. Kh5 Kf7 68. e8=Q+ Qxe8 69. Qf5+ Ke7+ 70. Kg4 Qg6 71. Qc5+ Kf7 72. Qc4+ Qe6+ 73. Qxe6+ Kxe6 74. Kxh4 a1=Q 0-1


[Site "https://www.chess.com"]

[Event "Titled Tuesday Blitz February 07 Early 2023"]
[White "Ambartsumova, Karina"]
[Black "Rudzinska, Michalina"]
[WhiteFideId "4166299"]
[BlackFideId "1172883"]
[WhiteElo "2393"]
[BlackElo "2244"]
[Result "0-1"]
[Round "03"]
[TimeControl "180+2"]
[Date "2023.02.07"]
[WhiteClock "0:00:02"]
[BlackClock "0:01:01"]

1. Nf3 c5 2. c4 Nc6 3. d4 cxd4 4. Nxd4 e6 5. Nc3 Nf6 6. a3 Qc7 7. e4 a6 8. Be3 Be7 9. Rc1 Nxd4 10. Bxd4 d6 11. Be2 O-O 12. O-O b6 13. f4 Bb7 14. Bf3 Nd7 15. Qe2 Rac8 16. Rfd1 Rfd8 17. b3 Qb8 18. f5 e5 19. Be3 Nc5 20. Bxc5 bxc5 21. Rb1 Qc7 22. Bg4 Bf6 23. g3 Qa5 24. Qb2 Bc6 25. Bf3 Rb8 26. b4 cxb4 27. axb4 Qc7 28. Kg2 a5 29. b5 Ba8 30. Qa2 Rdc8 31. Be2 Bg5 32. Rb2 Be3 33. Rc2 Bd4 34. Nd5 Bxd5 35. exd5 Qd7 36. Bd3 Qd8 37. Rf1 f6 38. Qa4 Bb6 39. Qb3 Qc7 40. Ra2 Ra8 41. Qd1 Qc5 42. Qe2 a4 43. Rfa1 a3 44. Qc2 Ra7 45. Qb3 Rca8 46. Qc2 Qb4 47. Qe2 Bd4 48. Rb1 Bb2 49. h4 Qb3 50. Raxb2 axb2 51. Rxb2 Qxb2 52. Qxb2 Ra2 53. Qxa2 Rxa2+ 54. Kf3 Rb2 55. g4 Kf8 56. g5 Ke7 57. gxf6+ gxf6 58. Kg4 Rb3 59. Be2 Re3 60. Bd1 Re4+ 61. Kh5 Rxc4 62. Be2 Rb4 63. Bd3 Kd7 64. Kh6 Rxh4+ 65. Kg7 e4 66. Be2 e3 67. Kxf6 Rh2 68. Bc4 e2 69. Bxe2 Rxe2 70. Kg7 Rf2 71. f6 h5 72. f7 h4 73. b6 h3 74. b7 Kc7 0-1


[Site "https://www.chess.com"]

[Event "Titled Tuesday Blitz February 07 Early 2023"]
[White "Mohamed Anees M"]
[Black "Prudnykova, Olga"]
[WhiteFideId "35065815"]
[BlackFideId "14121093"]
[WhiteElo "2315"]
[BlackElo "2268"]
[Result "1-0"]
[Round "03"]
[TimeControl "180+2"]
[Date "2023.02.07"]
[WhiteClock "0:00:15"]
[BlackClock "0:00:03"]

1. d4 Nf6 2. c4 g6 3. Nc3 d5 4. cxd5 Nxd5 5. e4 Nxc3 6. bxc3 Bg7 7. Nf3 c5 8. Rb1 O-O 9. Be3 Qc7 10. Be2 b6 11. O-O Bb7 12. d5 c4 13. Bd4 f6 14. Nd2 Ba6 15. Rb4 Rc8 16. Bxc4 Bxc4 17. Rxc4 Qd7 18. Rxc8+ Qxc8 19. Qb3 Kh8 20. Nf3 Nd7 21. h3 Nc5 22. Qb1 Qc7 23. Re1 Rd8 24. c4 e5 25. Ba1 Bf8 26. Qc2 Bd6 27. Re3 Kg7 28. Nd2 Rc8 29. h4 Na6 30. h5 Bc5 31. Rh3 g5 32. Rf3 Bd6 33. Qa4 Nc5 34. Qc2 Nd7 35. Rc3 a5 36. a3 Nc5 37. Nf1 Qf7 38. Ng3 Kg8 39. Qe2 Nd7 40. Nf5 Qf8 41. Rf3 Bxa3 42. Qe3 Bc5 43. Qb3 Nb8 44. Qb5 Qe8 45. Qb1 Na6 46. h6 Nb4 47. Rg3 Kf7 48. Qc1 Qg8 49. Qd1 Qg6 50. Qg4 Rc7 51. Bb2 Nc2 52. Rf3 Nb4 53. Bxe5 Ra7 54. Nh4 gxh4 55. Qe6+ Kf8 56. Rxf6+ Rf7 57. Rxg6 hxg6 58. Bg7+ 1-0


[Site "https://www.chess.com"]

[Event "Titled Tuesday Blitz February 07 Early 2023"]
[White "Jenkins, Drake"]
[Black "Kopczynski, Michal"]
[WhiteFideId "2022397"]
[BlackFideId "1124200"]
[WhiteElo "2130"]
[BlackElo "2225"]
[Result "1-0"]
[Round "03"]
[TimeControl "180+2"]
[Date "2023.02.07"]
[WhiteClock "0:00:02"]
[BlackClock "0:00:05"]

1. Nf3 d6 2. c4 g6 3. g3 Bg7 4. Bg2 e5 5. Nc3 Ne7 6. O-O O-O 7. Rb1 f5 8. d3 h6 9. Qc2 f4 10. b4 fxg3 11. hxg3 Bg4 12. Nd5 Nbc6 13. Bb2 Nxd5 14. cxd5 Nxb4 15. Qc4 Bxf3 16. Bxf3 a5 17. Ba3 b5 18. Qb3 Qg5 19. Bxb4 axb4 20. Qxb4 h5 21. Kg2 Rxa2 22. Rh1 Rf4 23. Qxb5 Rf8 24. Qc4 Rd2 25. Qxc7 e4 26. dxe4 Be5 27. Rb7 Qh6 28. Qd7 Qg7 29. Qe6+ Rf7 30. Rb8+ Kh7 31. Bxh5 Qh6 32. Bxg6+ Kg7 33. Rxh6 Rxf2+ 34. Kxf2 Kxh6 35. Kf3 Kg5 36. Qf5+ Kh6 37. Rg8 Rd3+ 38. exd3 Bg7 39. Qh5# 1-0


[Site "https://www.chess.com"]

[Event "Titled Tuesday Blitz February 07 Early 2023"]
[White "Poliakova, Varvara"]
[Black "Marchesich, Giovanni"]
[WhiteFideId "13518313"]
[BlackFideId "2824790"]
[WhiteElo "2010"]
[BlackElo "2217"]
[Result "0-1"]
[Round "03"]
[TimeControl "180+2"]
[Date "2023.02.07"]
[WhiteClock "0:00:19"]
[BlackClock "0:00:17"]

1. e4 e5 2. Nf3 Nf6 3. Nc3 Nc6 4. d4 Bb4 5. Bg5 exd4 6. Nxd4 O-O 7. Nf5 Qe8 8. f3 Nxe4 9. fxe4 Qxe4+ 10. Ne3 Qe5 11. h4 Bxc3+ 12. bxc3 Qxc3+ 13. Kf2 d6 14. Bd3 h6 15. Bf4 Qd4 16. Qf3 Ne5 17. Bxe5 dxe5 18. Qe4 Qxe4 19. Bxe4 f5 20. Bd5+ Kh7 21. Nc4 c6 22. Bf3 e4 23. Be2 Be6 24. Nd6 b5 25. a4 Rad8 26. Rhd1 Bd5 27. Nb7 Rb8 28. Nc5 b4 29. Nd7 a5 30. Nxf8+ Rxf8 31. g3 g5 32. hxg5 hxg5 33. Rh1+ Kg7 34. Rh5 Kf6 35. Rah1 f4 36. gxf4 gxf4 37. Rh6+ Ke5 38. R1h5+ Kd4 39. Ke1 f3 40. Bxf3 Rxf3 41. Rh2 Kc3 42. Kd1 Kb2 43. R6h3 Ka3 44. Rxf3+ exf3 45. Kd2 Kxa4 46. Rh1 Kb5 47. c3 b3 48. Kc1 Kc4 49. Kb2 a4 50. Rd1 a3+ 51. Kxa3 Kxc3 52. Rh1 Be4 53. Rc1+ Kd2 54. Rh1 f2 55. Ra1 Ke2 56. Kxb3 f1=Q 57. Rxf1 Kxf1 58. Kc4 Bd5+ 59. Kd4 Kg2 60. Kc5 Kf3 61. Kd6 Ke2 62. Kc5 Ke3 63. Kb4 Kd3 64. Kc5 Kd2 65. Kb4 Kc2 66. Kc5 Kb2 67. Kb4 Ka2 68. Kc5 Ka3 69. Kd4 Kb4 70. Kd3 c5 71. Kd2 Bc6 72. Kc2 Kc4 73. Kc1 Kc3 74. Kd1 c4 75. Kc1 Ba8 76. Kb1 Kd2 0-1


[Site "https://www.chess.com"]

[Event "Titled Tuesday Blitz February 07 Early 2023"]
[White "Gharamian, Tigran"]
[Black "Janaszak, Dawid"]
[WhiteFideId "13301527"]
[BlackFideId "1119206"]
[WhiteElo "2601"]
[BlackElo "2316"]
[Result "0-1"]
[Round "03"]
[TimeControl "180+2"]
[Date "2023.02.07"]
[WhiteClock "0:00:05"]
[BlackClock "0:00:44"]

1. d4 d5 2. c4 e6 3. Nc3 c5 4. cxd5 exd5 5. dxc5 d4 6. Na4 Nf6 7. Nf3 Nc6 8. e3 Bg4 9. Be2 dxe3 10. Qxd8+ Rxd8 11. Bxe3 Nd5 12. Bg5 f6 13. Bd2 Ndb4 14. Bxb4 Nxb4 15. Bb5+ Kf7 16. Bc4+ Kg6 17. Nh4+ Kg5 18. O-O Kxh4 19. f4 Nc2 20. Bf7 Nxa1 21. g3+ Kh3 22. Rxa1 Rd2 23. Bc4 Rg2+ 24. Kh1 Rxh2+ 25. Kg1 Bf3 26. Nc3 Bxc5+ 0-1


[Site "https://www.chess.com"]

[Event "Titled Tuesday Blitz February 07 Early 2023"]
[White "Maksimenko, Viktor"]
[Black "Afanasieva, Alexandra"]
[WhiteFideId "13710478"]
[BlackFideId "34126926"]
[WhiteElo "2196"]
[BlackElo "1857"]
[Result "1-0"]
[Round "03"]
[TimeControl "180+2"]
[Date "2023.02.07"]
[WhiteClock "0:00:53"]
[BlackClock "0:00:02"]

1. d4 Nf6 2. c4 e6 3. Nf3 b6 4. a3 Bb7 5. Nc3 d5 6. Bg5 Be7 7. e3 Nbd7 8. Qc2 h6 9. Bh4 c5 10. cxd5 Nxd5 11. Bxe7 Qxe7 12. Bb5 O-O 13. Bxd7 Qxd7 14. dxc5 bxc5 15. Ne4 Qc6 16. Nc3 Ba6 17. O-O-O Rab8 18. Rd2 Rfc8 19. Rhd1 Nb4 20. Qe4 Na2+ 21. Kc2 Nxc3 22. Qxc6 Rxc6 23. Rd8+ Rxd8 24. Rxd8+ Kh7 25. Kxc3 Rb6 26. Nd2 Kg6 27. f3 c4 28. Rd7 Rc6 29. Rxa7 f5 30. f4 Rd6 31. Nf3 1-0


[Site "https://www.chess.com"]

[Event "Titled Tuesday Blitz February 07 Early 2023"]
[White "Karttunen, Mika"]
[Black "Bobomurodova, Maftuna"]
[WhiteFideId "502081"]
[BlackFideId "14207400"]
[WhiteElo "2490"]
[BlackElo "1946"]
[Result "1-0"]
[Round "03"]
[TimeControl "180+2"]
[Date "2023.02.07"]
[WhiteClock "0:00:49"]
[BlackClock "0:00:10"]

1. e4 e5 2. Nf3 Nc6 3. Bb5 Nf6 4. O-O Nxe4 5. d4 Nd6 6. Bxc6 dxc6 7. dxe5 Nf5 8. Qxd8+ Kxd8 9. Nc3 Be7 10. h3 Ke8 11. Ne2 Nh4 12. Nxh4 Bxh4 13. g4 h5 14. f3 hxg4 15. fxg4 Be7 16. Kg2 Be6 17. Be3 Rd8 18. Nf4 Bd5+ 19. Kg3 Bh4+ 20. Kh2 Ke7 21. Rad1 Be4 22. Bc5+ Ke8 23. Rxd8+ Kxd8 24. e6 fxe6 25. Nxe6+ Kc8 26. Nxg7 Bxc2 27. Ne6 b6 28. Bd4 Re8 29. Rf8 Rxf8 30. Nxf8 c5 31. Be5 Bb1 32. a3 Be7 33. Ne6 Kd7 34. Nxc7 Bd6 35. Bxd6 Kxd6 36. Nb5+ Kd5 37. Nxa7 Kc4 38. Nc8 b5 39. Nd6+ Kb3 40. Nxb5 Kxb2 41. a4 c4 42. a5 Be4 43. a6 Bc6 44. a7 c3 45. Nxc3 Kxc3 46. g5 Kd4 47. g6 Ke5 48. g7 1-0


[Site "https://www.chess.com"]

[Event "Titled Tuesday Blitz February 07 Early 2023"]
[White "Plazuelo Pascual, Juan"]
[Black "Chabris, Christopher"]
[WhiteFideId "32059566"]
[BlackFideId "2005263"]
[WhiteElo "2449"]
[BlackElo "2053"]
[Result "1-0"]
[Round "03"]
[TimeControl "180+2"]
[Date "2023.02.07"]
[WhiteClock "0:01:21"]
[BlackClock "0:00:43"]

1. e4 c5 2. Nf3 d6 3. c3 Nf6 4. Bc4 e6 5. d3 Be7 6. O-O a6 7. a4 Nc6 8. Re1 O-O 9. h3 d5 10. exd5 exd5 11. Bb3 b6 12. Bf4 Bb7 13. Nbd2 Re8 14. Nf1 b5 15. Ne3 Qd7 16. Ne5 Nxe5 17. Bxe5 d4 18. cxd4 cxd4 19. Nc2 Qc6 20. f3 Nd5 21. Nxd4 1-0


[Site "https://www.chess.com"]

[Event "Titled Tuesday Blitz February 07 Early 2023"]
[White "Alinasab, Mobina"]
[Black "Mendez Machado, Andre"]
[WhiteFideId "12528897"]
[BlackFideId "6603793"]
[WhiteElo "2347"]
[BlackElo "1974"]
[Result "1-0"]
[Round "03"]
[TimeControl "180+2"]
[Date "2023.02.07"]
[WhiteClock "0:00:27"]
[BlackClock "0:00:09"]

1. e4 e5 2. Nf3 Nc6 3. Bb5 a6 4. Ba4 Nf6 5. O-O b5 6. Bb3 Bc5 7. c3 d6 8. d4 Bb6 9. a4 Rb8 10. Na3 O-O 11. Be3 Bg4 12. axb5 axb5 13. Nxb5 exd4 14. cxd4 Re8 15. Nc3 Bxf3 16. gxf3 Nxd4 17. Bxd4 Bxd4 18. Bxf7+ Kxf7 19. Qxd4 Re5 20. f4 Rh5 21. f3 Rxb2 22. Rf2 Rxf2 23. Qxf2 Qd7 24. Ra7 Qc6 25. Qd4 Rh6 26. Ra4 Rg6+ 27. Kf2 Qb7 28. Rb4 Qa6 29. Qc4+ Qxc4 30. Rxc4 c5 31. Ra4 Ke6 32. f5+ Ke5 33. fxg6 hxg6 1-0


[Site "https://www.chess.com"]

[Event "Titled Tuesday Blitz February 07 Early 2023"]
[White "Lesbekova, Assel"]
[Black "Ordekalog"]
[WhiteFideId "13713248"]
[WhiteElo "1772"]
[BlackElo "2555"]
[Result "0-1"]
[Round "03"]
[TimeControl "180+2"]
[Date "2023.02.07"]
[WhiteClock "0:00:06"]
[BlackClock "0:00:09"]

1. e4 e5 2. Nf3 Nc6 3. d4 exd4 4. Nxd4 Nge7 5. Nc3 Nxd4 6. Qxd4 Nc6 7. Qe3 Bb4 8. Bd2 O-O 9. Nd5 Bxd2+ 10. Qxd2 Re8 11. Bd3 Ne7 12. Nxe7+ Qxe7 13. O-O-O d6 14. f3 Be6 15. Kb1 a5 16. h4 a4 17. a3 Qd7 18. Qb4 c5 19. Qb5 Qc7 20. Bf1 Red8 21. g4 Ra5 22. Qd3 b5 23. f4 Bxg4 24. Be2 Bxe2 25. Qxe2 b4 26. Ka2 Rb8 27. axb4 cxb4 28. Rd3 b3+ 29. Kb1 Qb6 30. c4 a3 31. Rhh3 axb2 32. Qe3 Ra1+ 33. Kxb2 Ra2+ 34. Kb1 Qa5 35. Rxb3 Ra1+ 36. Kc2 Qa2+ 37. Kd3 Rxb3+ 0-1


[Site "https://www.chess.com"]

[Event "Titled Tuesday Blitz February 07 Early 2023"]
[White "Antonio, Jorge Carlos"]
[Black "Sekar, B"]
[WhiteFideId "113190"]
[BlackFideId "5043743"]
[WhiteElo "2277"]
[BlackElo "2333"]
[Result "1/2-1/2"]
[Round "03"]
[TimeControl "180+2"]
[Date "2023.02.07"]
[WhiteClock "0:00:04"]
[BlackClock "0:00:05"]

1. d4 Nf6 2. Nf3 e6 3. Bf4 d5 4. e3 c5 5. c3 Bd6 6. Ne5 Qc7 7. Nd2 O-O 8. Bd3 Nbd7 9. Nxd7 Bxd7 10. Bxd6 Qxd6 11. O-O e5 12. dxe5 Qxe5 13. Nf3 Qe7 14. Bc2 Rfd8 15. Re1 Bc6 16. Qe2 Ne4 17. Bxe4 dxe4 18. Nd2 Rxd2 19. Qxd2 Rd8 20. Qe2 Rd3 21. c4 Qe6 22. b3 Qg6 23. Rad1 h5 24. Rxd3 exd3 25. Qf1 Bf3 26. Kh1 d2 27. gxf3 dxe1=N 28. Qxe1 Qc2 29. Kg2 b6 30. Qa1 f6 31. h3 h4 32. f4 a5 33. Kf3 a4 34. bxa4 Qxc4 35. Qb2 Qe6 36. Kg2 Qc6+ 37. Kg1 c4 38. Qc2 c3 39. e4 Qc4 40. Kg2 Qb4 41. Kf3 Qb2 42. Qd3 c2 43. Qd8+ Kh7 44. Qe8 Qc3+ 45. Kg4 Qc5 46. f5 c1=Q 47. Qh5+ Kg8 48. Qe8+ Qf8 49. Qe6+ Qf7 50. Qc8+ Kh7 51. Qxc1 Qxa2 52. Qd1 Qxf2 53. Qf3 Qe1 54. Kf4 Kh6 55. Qg4 Qd2+ 56. Kf3 Qd1+ 57. Kf4 Qd2+ 58. Kf3 Qd3+ 59. Kf4 Qd2+ 1/2-1/2


[Site "https://www.chess.com"]

[Event "Titled Tuesday Blitz February 07 Early 2023"]
[White "Olenik Campa, Rudi"]
[Black "Bruned, Boris"]
[WhiteFideId "14633264"]
[BlackFideId "621790"]
[WhiteElo "2356"]
[BlackElo "2133"]
[Result "1-0"]
[Round "03"]
[TimeControl "180+2"]
[Date "2023.02.07"]
[WhiteClock "0:00:30"]
[BlackClock "0:00:01"]

1. e4 b6 2. d4 Bb7 3. Bd3 e6 4. Nf3 d5 5. exd5 Qxd5 6. O-O Nf6 7. c4 Qd8 8. Nc3 Be7 9. Bg5 O-O 10. h3 h6 11. Bf4 a6 12. Qe2 Nbd7 13. Rad1 Bd6 14. Ne5 Qe7 15. Rfe1 Rad8 16. Bh2 Rfe8 17. Bc2 c5 18. Nxd7 Bxh2+ 19. Kxh2 Rxd7 20. dxc5 Qxc5 21. Rxd7 Nxd7 22. Rd1 Qc7+ 23. Kg1 Nf6 24. Qe3 Qc6 25. f3 b5 26. cxb5 axb5 27. a3 Nd5 28. Qd3 Nxc3 29. bxc3 g6 30. Qd2 Kh7 31. Qd7 Kg7 32. Qxc6 Bxc6 33. Rd6 Bd5 34. Bd3 Ra8 35. Bxb5 Rc8 36. a4 Rxc3 37. Rd7 Ra3 38. Rc7 h5 39. Be8 e5 40. Bb5 Be6 41. Rc1 h4 42. Re1 Kf6 43. Re4 Bf5 44. Rxh4 Kg5 45. Rb4 f6 46. Bc6 Ra2 47. Rb8 Kf4 48. Kh2 Ke3 49. Rb3+ Kf2 50. Bd5 Kf1 51. Rb1+ Kf2 52. Bxa2 1-0


[Site "https://www.chess.com"]

[Event "Titled Tuesday Blitz February 07 Early 2023"]
[White "Taboas Rodriguez, Daniel"]
[Black "Zampronha, Wladimir Camilo"]
[WhiteFideId "2208466"]
[BlackFideId "2103087"]
[WhiteElo "2371"]
[BlackElo "2176"]
[Result "1-0"]
[Round "03"]
[TimeControl "180+2"]
[Date "2023.02.07"]
[WhiteClock "0:01:57"]
[BlackClock "0:00:53"]

1. d4 Nf6 2. Nf3 e6 3. c4 d5 4. Nc3 Bb4 5. e3 O-O 6. a3 Bxc3+ 7. bxc3 c5 8. a4 cxd4 9. cxd4 Nc6 10. Bd3 dxc4 11. Bxc4 b6 12. O-O Bb7 13. Ba3 Re8 14. Rc1 Rc8 15. Qe2 Na5 16. Bb5 Bc6 17. Ne5 Bxb5 18. axb5 Qd5 19. Bb4 Nd7 20. Nxd7 Qxd7 21. Bxa5 bxa5 22. Rc5 Rb8 23. Ra1 a6 24. bxa6 Rb6 25. Rcxa5 Ra8 26. a7 Rb7 27. Qa2 g6 28. h4 h5 29. Qa3 Kg7 30. Qc5 Rc7 31. Qe5+ Kh7 32. Ra6 Rcxa7 33. Rxa7 Rxa7 34. Rxa7 Qxa7 35. g3 Qd7 36. e4 Kg8 37. d5 exd5 38. exd5 Kf8 39. d6 Kg8 40. Qe7 1-0


[Site "https://www.chess.com"]

[Event "Titled Tuesday Blitz February 07 Early 2023"]
[White "Alhadad, Mahmoud"]
[Black "Perez Gormaz, Matias"]
[WhiteFideId "11501863"]
[BlackFideId "3406342"]
[WhiteElo "1840"]
[BlackElo "2406"]
[Result "0-1"]
[Round "03"]
[TimeControl "180+2"]
[Date "2023.02.07"]
[WhiteClock "0:00:01"]
[BlackClock "0:00:04"]

1. e4 c5 2. Nc3 Nc6 3. Bb5 Nd4 4. Nf3 e6 5. O-O a6 6. Bd3 Nc6 7. Re1 Nge7 8. Bf1 Nd4 9. Nxd4 cxd4 10. Ne2 Nc6 11. d3 Bc5 12. f4 O-O 13. g3 b5 14. Bg2 Bb7 15. Rf1 Rc8 16. f5 Ne5 17. fxe6 fxe6 18. Rxf8+ Qxf8 19. h3 Bb6 20. Bf4 Ng6 21. Qd2 Qc5 22. Rc1 Nxf4 23. Nxf4 Qg5 24. Qf2 e5 25. h4 Qh6 26. Ne2 Rf8 27. Bf3 Qd2 28. Rf1 Qxc2 29. Nc1 Qxf2+ 30. Rxf2 Bc6 31. Nb3 a5 32. Nd2 a4 33. Bd1 Ba5 34. Nf3 d6 35. Ng5 h6 36. Rxf8+ Kxf8 37. Ne6+ Kf7 38. Bg4 d5 39. Nc5 dxe4 40. dxe4 Bb6 41. Be6+ Ke7 42. Nd7 Bxd7 43. Bd5 d3+ 44. Kf1 Bg4 45. Ke1 Be3 46. Bb3 d2+ 0-1


[Site "https://www.chess.com"]

[Event "Titled Tuesday Blitz February 07 Early 2023"]
[White "Hirneise, Jens"]
[Black "Vaglio Munoz, Jaime"]
[WhiteFideId "24614734"]
[BlackFideId "6500145"]
[WhiteElo "2277"]
[BlackElo "2174"]
[Result "1-0"]
[Round "03"]
[TimeControl "180+2"]
[Date "2023.02.07"]
[WhiteClock "0:00:07"]
[BlackClock "0:00:28"]

1. e4 e6 2. d3 d5 3. Nd2 b6 4. g3 Bb7 5. Bg2 Nf6 6. Qe2 c5 7. Nh3 Nc6 8. c3 dxe4 9. dxe4 e5 10. O-O h6 11. Rd1 Qc7 12. a4 a5 13. Nc4 Ba6 14. f3 Be7 15. Bf1 O-O 16. Qc2 Rfd8 17. Be3 Bf8 18. Nf2 Ne7 19. Na3 Bxf1 20. Kxf1 Ng6 21. Qb3 Be7 22. Qc4 Nf8 23. Nb5 Qc6 24. Nd3 N6d7 25. Rd2 Qf6 26. Kg2 Rdc8 27. Rad1 Rab8 28. Nf2 Rb7 29. Qd5 Rcb8 30. Ng4 Qe6 31. Qxe6 fxe6 32. h4 h5 33. Nf2 Kf7 34. f4 exf4 35. Bxf4 e5 36. Be3 Ke8 37. Nh3 Ne6 38. Rd5 c4 39. Ng1 Nec5 40. Nf3 Nxe4 41. Nxe5 Nxe5 42. Rxe5 Nf6 43. Nd6+ Kf8 44. Nxb7 Rxb7 45. Bg5 Bc5 46. Bxf6 gxf6 47. Rxh5 Kg7 48. Rhd5 Kg6 49. h5+ Kh6 50. Rf5 Kg7 51. Rd2 Re7 52. Kh3 Re6 53. Rf4 Kh6 54. Rxc4 Kxh5 55. Rd5+ Kg6 56. Rdxc5 bxc5 57. Rxc5 Re2 58. Rb5 Rc2 59. b4 Rxc3 60. Rxa5 Rb3 61. Rb5 f5 62. Kg2 Kg5 63. a5 Kg4 64. a6 Rxg3+ 65. Kf2 Rb3 66. a7 f4 67. a8=Q Rb2+ 68. Ke1 Rb1+ 69. Kd2 Rb3 70. Qg8+ Kf3 71. Qxb3+ Kf2 72. Rf5 f3 73. Qxf3+ Kg1 74. Rg5+ Kh2 75. Qh5# 1-0


[Site "https://www.chess.com"]

[Event "Titled Tuesday Blitz February 07 Early 2023"]
[White "Ciuffoletti, Paolo"]
[Black "Baghdasaryan, Vahe"]
[WhiteFideId "807630"]
[BlackFideId "13303139"]
[WhiteElo "2106"]
[BlackElo "2257"]
[Result "0-1"]
[Round "03"]
[TimeControl "180+2"]
[Date "2023.02.07"]
[WhiteClock "0:00:01"]
[BlackClock "0:00:15"]

1. e4 c5 2. d4 cxd4 3. c3 Nf6 4. e5 Nd5 5. Qxd4 e6 6. Bc4 Nc6 7. Qe4 f5 8. Qe2 Nb6 9. Bb3 Qc7 10. Nf3 a5 11. a4 Be7 12. Na3 O-O 13. Nb5 Qb8 14. O-O Ra6 15. Bf4 g5 16. Nxg5 Bxg5 17. Bxg5 Qxe5 18. Qh5 f4 19. Rfe1 Qf5 20. Qh4 d5 21. Rad1 Bd7 22. Nc7 Ra7 23. Nb5 Raa8 24. Nd6 Qg6 25. Rd2 Rab8 26. Bc2 Qg7 27. Bh6 Qf6 28. Qg4+ Kh8 29. Bxf8 Rxf8 30. Qh5 Qg7 31. Rde2 e5 32. Nf5 Bxf5 33. Bxf5 Nc4 34. Bh3 Nd6 35. Qh4 f3 36. Re3 fxg2 37. Rg3 Qf6 38. Qxf6+ Rxf6 39. Re2 e4 40. Bxg2 Ne5 41. Rd2 Nd3 42. Rgxd3 exd3 43. Rxd3 Nc4 44. Rxd5 Nxb2 45. Rd8+ Kg7 46. Bd5 Nxa4 47. Bxb7 Nxc3 48. Ra8 a4 0-1


[Site "https://www.chess.com"]

[Event "Titled Tuesday Blitz February 07 Early 2023"]
[White "Onslow, Alfie"]
[Black "Richter, Paul"]
[WhiteFideId "436976"]
[BlackFideId "2046350"]
[WhiteElo "2157"]
[BlackElo "2171"]
[Result "0-1"]
[Round "03"]
[TimeControl "180+2"]
[Date "2023.02.07"]
[WhiteClock "0:00:01"]
[BlackClock "0:00:14"]

1. Nf3 Nf6 2. c4 g6 3. b3 Bg7 4. Bb2 O-O 5. g3 d6 6. d4 Nbd7 7. Bg2 Re8 8. O-O c6 9. Nc3 e5 10. dxe5 dxe5 11. e3 Qc7 12. Rc1 Nc5 13. b4 Nce4 14. Nxe4 Nxe4 15. Nd2 Nxd2 16. Qxd2 Be6 17. Rfd1 Rad8 18. Qc3 Rxd1+ 19. Rxd1 Rd8 20. Rxd8+ Qxd8 21. Bf3 h5 22. h4 a6 23. a4 Qd7 24. Be2 Qd6 25. c5 Qd5 26. b5 axb5 27. axb5 Bh3 28. f3 Be6 29. Kf2 Bf8 30. Ba3 Qa2 31. b6 Bg7 32. e4 Bh6 33. Qd3 Kh7 34. Bb4 Bf8 35. Qe3 Qb2 36. Bc3 Qa3 0-1


[Site "https://www.chess.com"]

[Event "Titled Tuesday Blitz February 07 Early 2023"]
[White "Mladek, Richard"]
[Black "De Vreugt, Dennis"]
[WhiteFideId "386588"]
[BlackFideId "1003909"]
[WhiteElo "2436"]
[BlackElo "2392"]
[Result "0-1"]
[Round "03"]
[TimeControl "180+2"]
[Date "2023.02.07"]
[WhiteClock "0:01:04"]
[BlackClock "0:00:53"]

1. d4 Nf6 2. c4 e6 3. Nc3 Bb4 4. e3 O-O 5. Bd2 d5 6. Nf3 b6 7. Rc1 Ba6 8. Qa4 Be7 9. cxd5 Bxf1 10. Rxf1 exd5 11. Ne5 c5 12. f4 a6 13. Kf2 c4 14. Kg1 Qe8 15. Qxe8 Rxe8 16. b3 b5 17. bxc4 dxc4 18. Be1 Nbd7 19. Nxd7 Nxd7 20. e4 Ba3 21. Rd1 b4 22. Nd5 c3 23. Bh4 Rxe4 24. Nc7 Rc8 25. Nxa6 c2 26. Rc1 0-1


[Site "https://www.chess.com"]

[Event "Titled Tuesday Blitz February 07 Early 2023"]
[White "Sturt, Raven"]
[Black "Dzhaparov, Medet"]
[WhiteFideId "2007304"]
[BlackFideId "13803689"]
[WhiteElo "2470"]
[BlackElo "1578"]
[Result "1-0"]
[Round "03"]
[TimeControl "180+2"]
[Date "2023.02.07"]
[WhiteClock "0:00:31"]
[BlackClock "0:00:19"]

1. e4 e5 2. Nf3 Nc6 3. Bb5 Nf6 4. d3 d6 5. O-O Be7 6. c3 O-O 7. Re1 a6 8. Ba4 Bg4 9. h3 Bh5 10. Nbd2 b5 11. Bb3 b4 12. Ba4 bxc3 13. bxc3 Nb8 14. Nc4 Nbd7 15. g4 Bg6 16. Be3 Rb8 17. Na5 Qc8 18. Nc6 Bd8 19. Nxb8 Nxb8 20. Nh4 c5 21. Nf5 Bxf5 22. gxf5 d5 23. Qf3 d4 24. Bd2 c4 25. cxd4 exd4 26. dxc4 Qxc4 27. Bb3 Qb5 28. Rab1 Qc6 29. Rbc1 Qa8 30. Bb4 Re8 31. Ba4 Nbd7 32. Kg2 Be7 33. Bxe7 Rxe7 34. e5 Qxf3+ 35. Kxf3 Nxe5+ 36. Rxe5 Rxe5 37. Rc8+ Ne8 38. Rxe8+ Rxe8 39. Bxe8 Kf8 40. Bc6 Ke7 41. Ke4 Kf6 42. Bd5 g6 43. fxg6 fxg6 44. Kxd4 Kg5 45. Ke5 Kh5 46. Bg8 h6 47. f4 Kh4 48. Bh7 Kxh3 49. Bxg6 Kg3 50. f5 Kf2 51. f6 Ke2 52. f7 Kd2 53. f8=Q Kc1 54. Qf2 a5 55. Qc2# 1-0


[Site "https://www.chess.com"]

[Event "Titled Tuesday Blitz February 07 Early 2023"]
[White "Clawitter, Craig"]
[Black "Reprintsev, Alexander"]
[WhiteFideId "2023105"]
[BlackFideId "14100541"]
[WhiteElo "2050"]
[BlackElo "2253"]
[Result "0-1"]
[Round "03"]
[TimeControl "180+2"]
[Date "2023.02.07"]
[WhiteClock "0:02:30"]
[BlackClock "0:02:33"]

1. e4 d5 2. exd5 Qxd5 3. Nc3 Qa5 4. d4 Nf6 5. Nf3 Nc6 6. Bb5 Ne4 7. O-O Nxc3 8. Bxc6+ bxc6 9. Qe1 Ba6 10. Bd2 Qb5 11. Bxc3 Qxf1+ 12. Qxf1 Bxf1 13. Kxf1 f6 14. Re1 Kd7 0-1


[Site "https://www.chess.com"]

[Event "Titled Tuesday Blitz February 07 Early 2023"]
[White "Liang, Justin"]
[Black "Dilmukhametov, Artur"]
[WhiteFideId "2099942"]
[BlackFideId "24179922"]
[WhiteElo "2052"]
[BlackElo "2276"]
[Result "0-1"]
[Round "03"]
[TimeControl "180+2"]
[Date "2023.02.07"]
[WhiteClock "0:00:10"]
[BlackClock "0:01:41"]

1. c4 c6 2. g3 d5 3. cxd5 cxd5 4. Bg2 Nc6 5. Nf3 Nf6 6. d4 Bg4 7. O-O e6 8. Nc3 Be7 9. Bf4 O-O 10. Qb3 Na5 11. Qa4 a6 12. Rfc1 b5 13. Qd1 Rc8 14. Ne5 Bh5 15. a4 b4 16. Na2 Nd7 17. Qd3 Nxe5 18. Bxe5 Bg6 19. Qd1 b3 20. Nc3 Bc2 21. Rxc2 bxc2 22. Qxc2 Nc4 23. Bf4 Bb4 24. Bf1 Nxb2 0-1


[Site "https://www.chess.com"]